 Dungeon Crawl Stone Soup version 0.21.1-1-g345015f (webtiles) character file.

8943 Mirai the Cleaver (level 11, -9/130 HPs)
             Began as a Demonspawn Berserker on Mar 2, 2018.
             Was a High Priest of Trog.
             Mangled by a yak (14 damage)
             ... on level 10 of the Dungeon.
             The game lasted 00:31:01 (9782 turns).

Mirai the Cleaver (Demonspawn Berserker)            Turns: 9782, Time: 00:31:03

Health: -9/130     AC: 15    Str: 23    XL:     11   Next: 16%
Magic:  11/11      EV: 15    Int:  9    God:    Trog [*****.]
Gold:   668        SH:  0    Dex: 19    Spells: 10/10 levels left

rFire    + . .     SeeInvis .   z - +1 war axe
rCold    . . .     Gourm    .   (no shield)
rNeg     . . .     Faith    .   H - +3 ring mail of the Sunfish {rPois Dex+4}
rPois    +         Spirit   .   M - +0 helmet
rElec    +         Reflect  .   (no cloak)
rCorr    .         Harm     .   d - +0 pair of gloves
MR       .....                  (no boots)
Stlth    ..........             t - amulet of magic regeneration
HPRegen  0.31/turn              (no ring)
MPRegen  0.37/turn              (no ring)

@: berserking, very slightly contaminated, very quick
A: hooves 2, thin metallic scales 3, fire resistance 1, powered by pain 1
a: Berserk, Trog's Hand, Brothers in Arms, Burn Spellbooks, Renounce Religion


You were on level 10 of the Dungeon.
You worshipped Trog.
Trog was extremely pleased with you.
You were hungry.

You visited 1 branch of the dungeon, and saw 10 of its levels.
You also visited: Sewer.

You collected 668 gold pieces.

Inventory:

Hand Weapons
 g - a +0 hand axe
 z - a +1 war axe (weapon)
Armour
 d - a +0 pair of gloves (worn)
 q - a +0 leather armour
 u - a +0 ring mail
 v - a +0 leather armour
 w - a +0 scale mail
 x - a cursed +0 ring mail
 y - a cursed +0 leather armour
 A - a +0 robe
 B - a +0 chain mail
 C - a +0 robe
 D - a +0 robe
 E - a cursed +0 ring mail
 F - a +0 ring mail
 H - the +3 ring mail of the Sunfish (worn) {rPois Dex+4}
   (You found it on level 5 of the Dungeon)

   It affects your dexterity (+4).
   It protects you from poison.
 L - a +0 ring mail
 M - a +0 helmet (worn)
 P - a +0 scale mail
 T - a +0 scale mail
 U - a +0 chain mail
 V - a +0 plate armour
 W - a cursed -1 ring mail
 Z - a +0 ring mail
Jewellery
 t - an amulet of magic regeneration (around neck)
Wands
 e - a wand of paralysis (25)
 G - a wand of digging (18)
 N - a wand of flame (13)
 Q - a wand of scattershot (4)
 R - a wand of acid (7)
Scrolls
 b - 7 scrolls of identify
 h - 2 scrolls of fog
 j - 6 scrolls of teleportation
 k - 2 scrolls of enchant armour
 m - a scroll of blinking
 r - a scroll of random uselessness {unknown}
 I - 2 scrolls of immolation
Potions
 a - 4 potions of flight
 f - 3 potions of agility {unknown}
 i - a potion of curing {unknown}
 l - 2 potions of heal wounds {unknown}
 o - a potion of lignification {unknown}
 s - a potion of ambrosia {unknown}
 K - a potion of berserk rage {unknown}
 O - a potion of invisibility {unknown}
 S - a potion of degeneration {unknown}
 Y - a potion of brilliance {unknown}
Books
 n - a book of Battle

   Spells                             Type                      Level
   a - Infusion                       Charms                       1
   b - Shroud of Golubria             Charms/Translocation         2
   c - Song of Slaying                Charms                       2
   d - Spectral Weapon                Hexes/Charms                 3
   e - Regeneration                   Charms/Necromancy            3
   Trog disapproves of the use of such an item.
 J - a book of Cantrips

   Spells                             Type                      Level
   a - Confusing Touch                Hexes                        1
   b - Animate Skeleton               Necromancy                   1
   c - Summon Small Mammal            Summoning                    1
   d - Apportation                    Translocation                1
   Trog disapproves of the use of such an item.
Comestibles
 c - 18 rations
 p - 12 chunks of flesh


   Skills:
 + Level 8.8 Fighting
 + Level 11.8 Axes
 + Level 5.6 Armour
 + Level 6.0 Dodging


You had 10 spell levels left.
You didn't know any spells.

Dungeon Overview and Level Annotations

Branches:
Dungeon (10/15)            Temple (0/1) D:6             Orc (0/2) D:9
   Lair: D:8-11

Altars:
Vehumet


Innate Abilities, Weirdness & Mutations

You have hoof-like feet.
You are completely covered in thin metallic scales. (AC +4, rElec)
Your flesh is heat resistant. (rF+)
You sometimes gain a little power by taking damage.


Message History

The yak gores you!
* * * LOW HITPOINT WARNING * * *
Okay, then.
Blink to where?
Press: ? - help, Dir - move target cursor You are very lightly contaminated with residual magic.
As you read the scroll of blinking, it crumbles to dust.
A red film seems to cover your vision as you go berserk!
You feel yourself moving faster!
You feel mighty!
You are feeling hungry.
You slash the yak!
You kill the yak!
Trog accepts your kill.
Your Dodging skill increases to level 6!
You slash the yak! Your kick misses the yak.
The yak is severely wounded.
You hit the yak.
The yak is almost dead.
The yak gores you!
You die...

...............#
................
...............#
.#####...######
#...# #...# #...#
#...######
###.......@#
#.....).##Y#
....##).#.##.####
###. #.)#.......#
# #...#..#.##.#
........#.# #
#.#.#......#
#.......####
..##.####


You could see a yak.

Vanquished Creatures
  Erica (D:8)
  3 two-headed ogres (D:8)
  The ghost of grindst0ne the Fighter, a novice FoHu of Zin (D:5)
  2 trolls (D:9)
  Prince Ribbit (D:8)
  2 hippogriffs
  A wyvern (D:9)
  2 yaks (D:10)
  The ghost of derrymb the Covered, an amateur MiFi (D:3)
  A hungry ghost (D:9)
  A steam dragon (D:9)
  Grum (D:8)
  A warg (D:9)
  An ice beast (D:9)
  2 orc warriors
  A sky beast (D:5)
  2 phantoms
  2 wolves (D:8)
  5 centaurs
  6 ogres
  8 bullfrogs
  5 scorpions
  5 wights (D:7)
  2 crimson imps
  A centaur zombie (D:7)
  A jelly (D:8)
  A bullfrog skeleton (D:7)
  8 orc priests
  A hound (D:6)
  10 orc wizards
  Jessica (D:3)
  An iguana (D:9)
  A merfolk avatar (Sewer)
  A merfolk siren (Sewer)
  9 worker ants
  A howler monkey zombie (D:3)
  A worker ant zombie (D:7)
  3 gnolls (D:5)
  11 adders
  3 river rats
  3 shadow imps
  An adder skeleton (D:7)
  2 adder zombies
  6 worms
  2 dart slugs
  4 leopard geckos
  28 orcs
  7 bats
  6 giant cockroaches
  13 goblins
  11 hobgoblins
  14 jackals
  12 kobolds
  4 quokkas
  8 ball pythons
  11 frilled lizards
  A quokka skeleton (D:9)
  27 rats
271 creatures vanquished.

Notes
Turn   | Place    | Note
-------+----------+-------------------------------------------
     0 | D:1      | Mirai the Demonspawn Berserker began the quest for the Orb.
     0 | D:1      | Reached XP level 1. HP: 18/18 MP: 1/1
   361 | D:1      | Gained mutation: You are partially covered in thin metallic scales. (AC +2) [demonic ancestry]
   361 | D:1      | Reached XP level 2. HP: 22/24 MP: 2/2
   409 | D:1      | Reached skill level 3 in Axes
   961 | D:1      | Gained mutation: Your flesh is heat resistant. (rF+) [demonic ancestry]
   961 | D:1      | Reached XP level 3. HP: 29/29 MP: 3/3
  2073 | D:2      | Reached ** piety under Trog
  2171 | D:2      | Reached XP level 4. HP: 33/36 MP: 4/4
  2679 | D:3      | Noticed derrymb's ghost (amateur MiFi)
  2681 | D:3      | Noticed Jessica
  2690 | D:3      | Killed derrymb's ghost
  2690 | D:3      | Reached skill level 4 in Axes
  2690 | D:3      | Gained mutation: You are mostly covered in thin metallic scales. (AC +3) [demonic ancestry]
  2690 | D:3      | Reached XP level 5. HP: 15/42 MP: 5/5
  2692 | D:3      | Killed Jessica
  2692 | D:3      | Gained mutation: You sometimes gain a little power by taking damage. [demonic ancestry]
  2692 | D:3      | Reached XP level 6. HP: 8/48 MP: 6/6
  2986 | D:3      | Reached skill level 5 in Axes
  3043 | D:3      | Found a radiant altar of Vehumet.
  3338 | D:3      | Reached *** piety under Trog
  4146 | D:4      | You fall through a shaft!
  4146 | D:5      | Entered Level 5 of the Dungeon
  4154 | D:5      | Gained mutation: You are completely covered in thin metallic scales. (AC +4, rElec) [demonic ancestry]
  4154 | D:5      | Reached XP level 7. HP: 54/54 MP: 7/7
  4300 | D:5      | Reached skill level 6 in Axes
  4650 | D:5      | Found a glowing drain.
  4654 | Sewer    | Entered a sewer
  4925 | Sewer    | Reached **** piety under Trog
  5192 | D:5      | Noticed grindst0ne's ghost (novice FoHu)
  5200 | D:5      | Killed grindst0ne's ghost
  5200 | D:5      | Reached skill level 5 in Fighting
  5200 | D:5      | Reached skill level 7 in Axes
  5200 | D:5      | Reached XP level 8. HP: 62/62 MP: 8/8
  5618 | D:5      | Got a steaming ring mail
  6263 | D:6      | Found a staircase to the Ecumenical Temple.
  6574 | D:7      | Reached skill level 8 in Axes
  7308 | D:7      | Gained mutation: You have large cloven feet. [demonic ancestry]
  7308 | D:7      | Reached XP level 9. HP: 69/69 MP: 9/9
  7372 | D:7      | Reached skill level 9 in Axes
  7674 | D:8      | Noticed a two-headed ogre
  7684 | D:8      | Killed a two-headed ogre
  7710 | D:8      | Reached skill level 5 in Dodging
  7731 | D:8      | Reached skill level 10 in Axes
  7905 | D:8      | Noticed a two-headed ogre
  7914 | D:8      | Killed a two-headed ogre
  7914 | D:8      | Reached XP level 10. HP: 79/79 MP: 10/10
  8102 | D:8      | Noticed Prince Ribbit
  8104 | D:8      | Noticed Grum
  8105 | D:8      | Noticed Erica
  8116 | D:8      | Killed Grum
  8128 | D:8      | Killed Erica
  8311 | D:8      | Killed Prince Ribbit
  8311 | D:8      | Reached skill level 11 in Axes
  8409 | D:8      | Noticed a two-headed ogre
  8418 | D:8      | Killed a two-headed ogre
  8418 | D:8      | Reached skill level 5 in Armour
  8538 | D:9      | Reached ***** piety under Trog
  8868 | D:9      | Identified the +3 ring mail of the Sunfish {rPois Dex+4} (You found it on level 5 of the Dungeon)
  9017 | D:9      | Found a staircase to the Orcish Mines.
  9139 | D:9      | Gained mutation: You have hoof-like feet. [demonic ancestry]
  9139 | D:9      | Reached XP level 11. HP: 45/87 MP: 11/11
  9571 | D:10     | Entered Level 10 of the Dungeon
  9777 | D:10     | HP: 3/87 [yak (13)]
  9782 | D:10     | Mangled by a yak

Skill      XL: |  1  2  3  4  5  6  7  8  9 10 11 |
---------------+----------------------------------+-----
Axes           | 3 4 5 7 8 10 11 | 11.8
Dodging        | 2 3 4 5 6 |  6.0
Armour         | 2 3 4 5 |  5.6
Fighting       | 4 5 7 8 |  8.8

Action                   |  1- 3 |  4- 6 |  7- 9 | 10-12 || total
-------------------------+-------+-------+-------+-------++-------
Melee: Hand axe          |   150 |   238 |   116 |       ||   504
       War axe           |       |       |   302 |   213 ||   515
       Kick              |       |       |    25 |    84 ||   109
Invok: Berserk           |     1 |     5 |     8 |     5 ||    19
       Trog's Hand       |       |       |     1 |       ||     1
  Use: Scroll            |       |       |    10 |     2 ||    12
 Stab: Sleeping          |     4 |       |       |       ||     4
  Eat: Chunk             |     5 |    11 |    17 |    12 ||    45
       Ration            |       |       |     1 |       ||     1
Armor: Animal skin       |    12 |       |       |       ||    12
       Robe              |    21 |       |       |       ||    21
       Leather armour    |     8 |    16 |   135 |       ||   159
       Plate armour      |       |   180 |    85 |       ||   265
       Ring mail         |       |       |    12 |    68 ||    80
Dodge: Dodged            |    88 |    93 |   263 |   178 ||   622
